Map: Berlingrad LE

Players

Serral - Winner!

  • Race: Zerg Zerg

Trap

  • Race: Protoss Protoss

Event: TSL 8

VOD

Have the link to the VOD?

Description

Time

  • Played on: Dec. 10, 2021, 6:52 a.m.
  • Length: 10:15

All games in this series

Show
View Real Time Build Order
Export as new Build Order

Serral Zerg - Winner!

Build Orders: Hatch First 

Get SALT Encoding   

  12  0:00  Drone  
  13  0:12  Overlord  
  13  0:17  Drone  
  14  0:30  Drone  
  14  0:31  Drone  
  16  0:37  Drone  
  17  0:50  Hatchery  
  17  0:54  Drone  
  17  0:57  Drone  
  18  1:08  Extractor  
  17  1:12  Spawning Pool  
  17  1:16  Drone  
  17  1:19  Drone  
  18  1:28  Drone  
  19  1:38  Drone  
  20  1:49  Overlord  
  20  2:00  Queen  
  22  2:02  Queen  
  22  2:03  Zergling x4  
  26  2:10  Drone  
  26  2:13  Metabolic Boost, Drone  
  28  2:21  Drone  
  29  2:24  Drone  
  30  2:37  Queen  
  30  2:42  Hatchery  
  31  2:44  Drone  
  31  2:46  Drone  
  31  2:50  Overlord  
  32  2:52  Drone  
  32  2:54  Drone  
  32  2:57  Drone  
  35  3:04  Overlord  
  35  3:10  Drone x4  
  39  3:15  Queen  
  40  3:20  Spore Crawler  
  40  3:26  Drone x3  
  40  3:30  Queen  
  40  3:31  Drone  
  44  3:34  Drone  
  45  3:45  Drone x3, Roach Warren  
  45  3:47  Drone  
  48  3:54  Overlord  
  49  3:55  Drone x2  
  49  3:56  Drone  
  49  4:00  Overlord  
  51  4:06  Zergling x8  
  55  4:11  Overlord  
  55  4:14  Zergling x6  
  58  4:17  Spore Crawler  
  58  4:23  Zergling x4, Spore Crawler  
  59  4:24  Zergling x2  
  59  4:29  Overlord  
  58  4:38  Drone  
  58  4:39  Drone x5  
  58  4:41  Drone x2  
  58  4:44  Extractor  
  58  4:45  Lair  
  65  4:46  Drone  
  65  4:51  Drone x2  
  65  4:52  Drone  
  69  4:54  Drone  
  69  4:56  Extractor x2  
  69  4:59  Drone x2  
  70  5:02  Drone  
  70  5:06  Drone  
  72  5:10  Extractor  
  72  5:12  Drone  
  72  5:18  Drone, Overlord  
  72  5:19  Drone x2  
  75  5:29  Queen  
  75  5:30  Drone x2  
  75  5:34  Roach  
  75  5:35  Roach  
  81  5:36  Overlord x5  
  81  5:44  Glial Reconstitution  
  81  5:46  Roach x4  
  89  5:52  Spore Crawler  
  89  5:57  Roach x4  
  96  6:11  Roach x7  
  109  6:13  Ravager x4  
  109  6:14  Ravager  
  109  6:17  Overlord  
  113  6:19  Overlord  
  113  6:24  Roach x2  
  113  6:25  Zergling x2  
  118  6:26  Ravager  
  118  6:31  Ravager  
  120  6:33  Zergling x2  
  120  6:34  Overlord x2  
  121  6:46  Ravager x3  
  119  6:48  Roach  
  119  6:50  Zergling x14, Roach x2  
  131  7:01  Roach x5  
  143  7:08  Roach x4  
  133  7:16  Roach  
  133  7:17  Roach x3  
  133  7:22  Roach x2  
  137  7:25  Roach x2  
  137  7:27  Ravager  
  137  7:38  Roach x4  
  137  7:40  Zergling x6  
  146  7:45  Baneling Nest  
  146  7:49  Roach x4  
  147  7:52  Roach  
  147  7:58  Drone x3, Evolution Chamber  
  152  8:00  Overlord, Extractor  
  152  8:03  Overlord  
  150  8:07  Overlord  
  150  8:08  Drone  
  150  8:09  Drone  
  152  8:17  Drone x2  
  152  8:19  Drone  
  154  8:20  Drone  
  154  8:29  Zergling x14  
  154  8:32  Centrifugal Hooks  
  161  8:39  Zergling x12  
  164  8:50  Overlord x4  
  164  8:53  Overlord  
  164  8:56  Zergling x4  
  166  9:03  Baneling x13  
  166  9:09  Infestation Pit  
  165  9:16  Drone  
  166  9:21  Zergling x2  
  166  9:22  Zergling x6  
  168  9:25  Baneling x4, Hatchery  
  167  9:35  Roach x5  
  175  9:40  Roach  
  175  9:41  Roach x2  
  168  9:50  Zergling x14  
Show
View Real Time Build Order
Export as new Build Order

Trap Protoss 

Build Orders: 1 Gate Expand, Colossus Rush 

Get SALT Encoding   

  12  0:00  Probe  
  13  0:13  Pylon  
  13  0:17  Probe (Chrono Boost)  
  14  0:26  Probe (Chrono Boost)  
  15  0:31  Probe (Chrono Boost)  
  16  0:40  Gateway  
  16  0:43  Probe  
  16  0:48  Assimilator  
  17  0:55  Probe  
  18  1:07  Probe  
  19  1:20  Probe  
  20  1:26  Nexus  
  20  1:35  Cybernetics Core  
  20  1:37  Probe  
  21  1:48  Assimilator  
  21  1:50  Probe  
  22  1:55  Pylon  
  22  2:02  Probe  
  23  2:10  Probe  
  23  2:11  Adept (Chrono Boost)  
  23  2:12  Warp Gate  
  26  2:18  Probe  
  27  2:23  Robotics Facility  
  27  2:29  Probe (Chrono Boost)  
  27  2:36  Stalker  
  30  2:38  Probe (Chrono Boost)  
  32  2:47  Probe x2 (Chrono Boost)  
  33  2:53  Probe  
  33  2:54  Probe  
  35  3:03  Gateway  
  35  3:05  Probe  
  36  3:06  Probe  
  36  3:12  Robotics Bay  
  37  3:13  Adept  
  37  3:19  Probe x2  
  41  3:30  Warp Prism (Chrono Boost)  
  41  3:32  Probe  
  42  3:35  Probe  
  42  3:38  Pylon  
  43  3:42  Assimilator  
  43  3:44  Probe  
  43  3:47  Probe  
  45  3:50  Pylon  
  45  3:56  Probe  
  45  3:58  Observer (Chrono Boost)  
  45  4:00  Adept x2  
  45  4:01  Assimilator  
  51  4:05  Probe  
  51  4:06  Gravitic Drive  
  51  4:08  Probe  
  53  4:11  Disruptor (Chrono Boost)  
  53  4:13  Shield Battery  
  56  4:20  Pylon  
  56  4:23  Zealot  
  56  4:38  Disruptor (Chrono Boost)  
  56  4:45  Probe x2  
  56  4:49  Zealot, Sentry  
  61  4:55  Gateway  
  61  4:57  Gateway  
  61  4:58  Gateway  
  61  5:03  Gateway  
  61  5:04  Colossus (Chrono Boost)  
  61  5:06  Gateway  
  67  5:16  Pylon  
  67  5:19  Pylon  
  67  5:21  Sentry  
  69  5:34  Sentry  
  71  5:37  Gateway  
  71  5:38  Gateway  
  71  5:39  Pylon  
  71  5:50  Zealot x2  
  71  5:51  Zealot  
  77  6:00  Zealot  
  79  6:21  Stalker x3  
  79  6:22  Stalker x4  
  93  6:30  Pylon  
  93  6:31  Pylon  
  93  6:49  Stalker x3  
  93  6:50  Stalker x4  
  103  6:59  Disruptor (Chrono Boost)  
  103  7:00  Zealot, Sentry  
  102  7:18  Stalker x4  
  93  7:25  Disruptor (Chrono Boost)  
  93  7:27  Adept x2  
  95  7:30  Twilight Council  
  95  7:32  Forge  
  95  7:39  Adept  
  95  7:40  Adept  
  91  7:51  Warp Prism (Chrono Boost)  
  85  8:04  Robotics Facility  
  85  8:08  Blink  
  85  8:18  Colossus (Chrono Boost)  
  79  8:23  Stalker x2  
  79  8:24  Zealot x4  
  97  8:36  Cybernetics Core  
  97  8:40  Zealot x2  
  97  8:41  Zealot  
  99  8:56  Disruptor (Chrono Boost)  
  99  8:59  Nexus  
  102  9:13  Robotics Facility  
  102  9:21  Colossus (Chrono Boost)  
  103  9:47  Stalker x3  
Tags
 
Add a new tag
Caveats
  • Supply blocks, unpowered buildings, or Contaminate may cause inaccurate times.
  • Supply counts are checked every 10 seconds.